[Event "*** SCC Grand Prix: Titled Tuesday Blitz"]
[Site "Chess.com"]
[Date "2020.06.09"]
[Round "3"]
[White "Evgeny81"]
[Black "juniortay"]
[Result "1-0"]
[WhiteElo "2754"]
[BlackElo "2427"]
[TimeControl "180+1"]
[EndTime "9:31:36 PDT"]
[Termination "Evgeny81 won on time"]

1. d4 d5 2. Nf3 c5 3. c3 cxd4 4. cxd4 Nc6 5. Nc3 Nf6 6. Bf4 Ne4 7. e3 Nxc3 8. bxc3 g6 9. Be2 Bg7 10. O-O O-O 11. h3 a6 12. c4 dxc4 13. Bxc4 b5 14.
Bd3 Nb4 15. Be4 Nd5 16. Rc1 Bb7 17. Nd2 Ra7 18. Bg3 Qd7 19. Rc5 e6 20. Qc2 Ba8 21. Rc1 h6 22. Qb1 Kh7 23. Nb3 Qe7 24. Na5 h5 25. Nc6 Bxc6 26. Rxc6 Qg5 27. R1c5 h4 28. Bh2 Rd8 29. Qe1 b4 30. Bxd5 exd5 31. Bf4 Qf5 32.
Ra5 Rb7 33. Rcxa6 b3 34. axb3 Rxb3 35. Ra1 Rdb8 36. Bxb8 Rxb8 37. Ra8 Rb2 38. R8a2 Rb3 39. Rd1 g5 40. Qe2 Qg6 41. Qc2 Rb6 42. Qxg6+ Rxg6 43. Ra5 g4 44. hxg4 Rxg4 45. Rxd5 h3 46. Rh5+ Kg6 47.
Rxh3 Bf6 48. Rg3 Rxg3 49. fxg3 Kf5 50. Kf2 Ke4 51. Rb1 Bg5 52. Rb3 Bh6 53. Ke2 f5 54. Rb6 Bg5 55. Re6+ Kd5 56. Re5+ Kd6 57. Rxf5 Be7 58.
Kf3 Ke6 59. e4 Bd6 60. g4 Be7 61. g5 Bd6 62. Rf6+ Ke7 63. Rxd6 Kxd6 64. Kf4 Ke7 65.
Kf5 Kf7 66. e5 Ke7 67. d5 Kf7 68. d6 Kg7 69. e6 Kf8 70. Kf6 Ke8 71. g6 Kd8 72. g7 Ke8 73. g3 Kd8 74. Kf7 Kc8 75. g8=Q+ Kb7 76. g4 Kc6 77. Qf8 Kb7 78. g5 Kc6 79. Ke7 Kb7 80. Qf5 Kc6 81. Qe5 Kb7 82.
Qc5 Ka6 83. Qb4 Ka7 84. Kd7 Ka6 85. Qb8 Ka5 86. g6 Ka6 87. g7 Ka5 88. g8=Q Ka6 89. Qgc8+ Ka5 90. Kc7 Ka4 91. d7 Ka3 92. e7 Ka4 93. d8=Q Ka3 94. e8=Q Ka2 95. Qf8 1-0

[Event "*** SCC Grand Prix: Titled Tuesday Blitz"]
[Site "Chess.com"]
[Date "2020.06.09"]
[Round "3"]
[White "Twitch_ElhamBlitz05"]
[Black "thedjoker98"]
[Result "1/2-1/2"]
[WhiteElo "2743"]
[BlackElo "2544"]
[TimeControl "180+1"]
[EndTime "9:31:45 PDT"]
[Termination "Game drawn - insufficient material"]

1. e4 e5 2. Nc3 Nf6 3. Bc4 Nc6 4.
d3 Na5 5. Qf3 c6 6. Nge2 d6 7. h3 Nxc4 8. dxc4 Be6 9. b3 Be7 10.
a4 O-O 11. Bg5 h6 12. Be3 d5 13. exd5 cxd5 14. cxd5 Nxd5 15. Rd1 Qa5 16. Rxd5 Bxd5 17. Qxd5 Bb4 18. Qxa5 Bxa5 19. Bd2 Rac8 20. Kd1 Rfd8 21. Kc1 a6 22. Rd1 Bb4 23. Nb1 Bxd2+ 24. Rxd2 Rxd2 25. Nxd2 f6 26. Nc4 Rc7 27. Nc3 Kf7 28. Nd5 Rd7 29. Nce3 Ke6 30. c4 f5 31. Kc2 b5 32. axb5 axb5 33.
cxb5 f4 34. Kc3 fxe3 35. Nxe3 Rd4 36. b6 Kd7 37. Nc4 Rd5 38. Ne3 Rb5 39. Nc4 Kc6 40.
Kd2 Kd5 41. Kc3 h5 42. Ne3+ Ke6 43. Nc4 g6 44. b4 Kd5 45. Kb3 Kd4 46. f3 h4 47. Nd6 Rxb6 48. Ne4 Kd3 49. Ka4 Kc4 50.
b5 Rb8 51. Nd6+ Kc5 52. Ne4+ Kc4 53. Nd6+ Kc5 54. Ne4+ Kb6 55. Kb4 Rd8 56. Kc3 Kxb5 57.
Ng5 Kc6 58. Nf7 Re8 59. Ng5 Kd5 60. Ne4 Ra8 61. Kd3 Ra3+ 62. Ke2 Ra2+ 63. Kf1 Kd4 64. Nf6 Kd3 65. Ng4 Rb2 66. Nxe5+ Kd4 67. Nxg6 Ke3 68. Kg1 Rb1+ 69. Kh2 Kf2 70. Nxh4 Rg1 71. f4 Rb1 72. f5 Rb4 73. Nf3 Rf4 74. Ne5 Rxf5 75. Ng4+ Ke2 76. Kg3 Kd3 77. h4 Ke4 78. Nh2 Ke5 79.
Nf3+ Kf6 80. Kg4 Ra5 81. Kh3 Ra4 82. g4 Ra3 83. Kg3 Ra4 84. h5 Ra5 85. Kf4 Ra4+ 86.
Kg3 Ra5 87. Nd4 Ra3+ 88. Kf4 Ra4 89. g5+ Kf7 90. Ke5 Ra5+ 91. Kf4 Ra4 92. Ke3 Ra5 93.
Nf3 Ke6 94. Kf4 Ra4+ 95. Kg3 Kf5 96. h6 Ra3 97. Kg2 Kg6 98. Kg3 Ra4 99. Kg2 Rg4+ 100.
Kh3 Rxg5 101. Nxg5 Kxh6 1/2-1/2

[Event "*** SCC Grand Prix: Titled Tuesday Blitz"]
[Site "Chess.com"]
[Date "2020.06.09"]
[Round "3"]
[White "CalinGheorghiu"]
[Black "robertofabregas"]
[Result "1-0"]
[WhiteElo "2342"]
[BlackElo "2099"]
[TimeControl "180+1"]
[EndTime "9:31:58 PDT"]
[Termination "CalinGheorghiu won by resignation"]

1. e4 c5 2. Nf3 d6 3. d4 cxd4 4. Nxd4 Nf6 5. Nc3 e6 6. Be2 Nc6 7. Be3 Be7 8. O-O O-O 9. f4 e5 10. Nxc6 bxc6 11. fxe5 dxe5 12. Qe1 Kh8 13. Qg3 Qc7 14.
Bg5 Be6 15. Qh4 Qb6+ 16. Kh1 Qxb2 17. Rac1 Qxc3 18. Rf3 Qb2 19. Rcf1 Qxc2 20. Bd3 Qc5 21. Rxf6 Bxf6 22. Bxf6 gxf6 23. Qxf6+ Kg8 24. Rf3 Qc1+ 25.
Bf1 Qf4 26. Rxf4 exf4 27. h4 Bxa2 28. h5 Rfe8 29. h6 Kf8 30. Qg7+ Ke7 31. Qxh7 Rh8 32. Qg7 Rag8 33. Qe5+ Be6 34. Qxf4 Rg6 35. Qc7+ Kf6 36. e5+ Kf5 37. Bd3+ Kg5 38. Bxg6 Kxg6 39. Qxc6 Rxh6+ 40. Kg1 Rh5 41. Qe4+ Bf5 42. Qd4 Be6 43. Qc5 a5 44. Qxa5 f6 45. Qd8 Rxe5 46. Qe8+ Kf5 47. Qh5+ Ke4 48.
Qe2+ Kd5 49. Qd2+ Ke4 50. Qe2+ Kf5 51. Qh5+ Ke4 52. Qg6+ Kd5 53. Qxf6 Re1+ 54. Kf2 Re5 55. Qd8+ Ke4 56. g3 Rf5+ 57. Kg2 Re5 58. Qf6 Bf5 59. Qh4+ Kd5 60. Qf4 Be4+ 61. Kg1 Rf5 62. Qd2+ Ke5 63. Qe3 Rf3 64. Qc5+ Bd5 65. Kh2 Rf6 66. g4 Rh6+ 67. Kg3 Rg6 68. Qc3+ Kd6 69. Qe3 Re6 70. Qd4 Re4 71.
Qb6+ Ke5 72. g5 Re3+ 73. Kh4 Re2 74. Qf6+ Ke4 75. g6 Rh2+ 76. Kg3 Rd2 77. g7 Rd3+ 78.
Kg4 Rd1 79. Qf5+ Kd4 80. Qf4+ Be4 81. Qf2+ Ke5 82. g8=Q Bd5 83. Qf5+ Kd4 84. Qg7+ Kc4 85. Qc7+ Kb3 86. Qxd5+ Rxd5 87. Qb7+ Kc4 88. Qc6+ Rc5 89. Qe4+ Kb5 90. Kf3 Rc4 91. Qd5+ Kb4 92. Qb7+ Kc3 93. Ke3 Rb4 94. Qc6+ Rc4 95. Qd5 Rd4 96. Qxd4+ Kc2 97. Qd3+ 1-0

[Event "*** SCC Grand Prix: Titled Tuesday Blitz"]
[Site "Chess.com"]
[Date "2020.06.09"]
[Round "4"]
[White "RestartingChess"]
[Black "Y0ung_Capablanca"]
[Result "1-0"]
[WhiteElo "2471"]
[BlackElo "2722"]
[TimeControl "180+1"]
[EndTime "9:34:09 PDT"]
[Termination "RestartingChess won by resignation"]

1. e4 c6 2. d4 d5 3. exd5 cxd5 4. c4 Nf6 5. Nc3 e6 6. Nf3 Bb4 7. Bd3 dxc4 8. Bxc4 O-O 9. O-O b6 10. Bg5 Bb7 11. Re1 Nbd7 12. Qb3 Be7 13. Ne5 h6 14. Nxf7 Rxf7 15. Bxe6 hxg5 16. Bxf7+ Kf8 17. Bg6 1-0

[Event "*** SCC Grand Prix: Titled Tuesday Blitz"]
[Site "Chess.com"]
[Date "2020.06.09"]
[Round "4"]
[White "DenishevM"]
[Black "alexsergeyev"]
[Result "0-1"]
[WhiteElo "2536"]
[BlackElo "2364"]
[TimeControl "180+1"]
[EndTime "9:34:11 PDT"]
[Termination "alexsergeyev won by resignation"]

1. d4 d5 2. c4 c6 3. Nf3 Nf6 4. Nc3 dxc4 5. a4 Bg4 6. Ne5 Bh5 7. f3 Nfd7 8. Nxc4 e5 9. dxe5 Qh4+ 10.
g3 Qxc4 11. e4 Qb4 12. Bf4 Qxb2 13. Rc1 Bb4 14. Qd3 Nxe5 0-1

[Event "*** SCC Grand Prix: Titled Tuesday Blitz"]
[Site "Chess.com"]
[Date "2020.06.09"]
[Round "4"]
[White "putra48"]
[Black "Aleksandar-Topalov"]
[Result "1-0"]
[WhiteElo "2615"]
[BlackElo "2376"]
[TimeControl "180+1"]
[EndTime "9:34:54 PDT"]
[Termination "putra48 won by resignation"]

1. e4 e6 2. d4 d5 3. Nc3 Bb4 4. e5 Qd7 5. a3 Bxc3+ 6. bxc3 b6 7. Qg4 f5 8. exf6 Nxf6 9. Qg3 Ba6 10. Bd3 Bxd3 11.
cxd3 Nc6 12. a4 O-O 13. Nf3 Rae8 14. O-O Kh8 15. Re1 Qf7 16. Ba3 Rg8 17. Re2 h6 18.
Rae1 a6 19. Nh4 Kh7 20. Qh3 Nd8 21. Nf3 Nd7 22. Ng5+ 1-0

[Event "*** SCC Grand Prix: Titled Tuesday Blitz"]
[Site "Chess.com"]
[Date "2020.06.09"]
[Round "4"]
[White "Quiet_Desperation"]
[Black "Vaathi_Coming"]
[Result "0-1"]
[WhiteElo "1904"]
[BlackElo "2825"]
[TimeControl "180+1"]
[EndTime "9:34:58 PDT"]
[Termination "Vaathi_Coming won by resignation"]

1. e4 e5 2. Nf3 Nc6 3. Bc4 Nf6 4. d3 h6 5. c3 g5 6. Qe2 Bg7 7. Na3 O-O 8. h3 d5 9. exd5 Nxd5 10. Bd2 Re8 11.
O-O-O Be6 12. Kb1 a6 13. Nc2 b5 14. Bb3 a5 15. Ne3 Nf4 16. Qf1 Bxb3 17. axb3 a4 18.
bxa4 Rxa4 19. Bc1 b4 20. Qe1 b3 0-1

[Event "*** SCC Grand Prix: Titled Tuesday Blitz"]
[Site "Chess.com"]
[Date "2020.06.09"]
[Round "4"]
[White "ajian"]
[Black "Caterpiller35"]
[Result "1-0"]
[WhiteElo "2453"]
[BlackElo "2293"]
[TimeControl "180+1"]
[EndTime "9:35:26 PDT"]
[Termination "ajian won by resignation"]

1. d4 Nf6 2. c4 e6 3. Nc3 Bb4 4. Qc2 d5 5. cxd5 exd5 6. Bg5 c5 7.
dxc5 Be6 8. e3 Nbd7 9. Bb5 Qa5 10. Bxf6 Qxb5 11. Bxg7 Rg8 12. Qxh7 O-O-O 13. Ne2 Nxc5 14. O-O Ne4 15. Nxb5 1-0

[Event "*** SCC Grand Prix: Titled Tuesday Blitz"]
[Site "Chess.com"]
[Date "2020.06.09"]
[Round "4"]
[White "Indianlad"]
[Black "chessdjw"]
[Result "1-0"]
[WhiteElo "2988"]
[BlackElo "2730"]
[TimeControl "180+1"]
[EndTime "9:35:27 PDT"]
[Termination "Indianlad won by resignation"]

1. Nf3 g6 2. e4 Bg7 3. d4 d6 4.
Bc4 Nf6 5. Qe2 Nc6 6. e5 dxe5 7. dxe5 Ng4 8. e6 Bxe6 9. Bxe6 fxe6 10. O-O Nd4 11.
Nxd4 Qxd4 12. c3 Qa4 13. b3 Qc6 14. Qxg4 Bxc3 15. Nxc3 Qxc3 16. Bf4 1-0

[Event "*** SCC Grand Prix: Titled Tuesday Blitz"]
[Site "Chess.com"]
[Date "2020.06.09"]
[Round "4"]
[White "SergioGarciaFuentes"]
[Black "Thipsay"]
[Result "0-1"]
[WhiteElo "2228"]
[BlackElo "2442"]
[TimeControl "180+1"]
[EndTime "9:35:28 PDT"]
[Termination "Thipsay won by resignation"]

1. d4 Nf6 2. Nf3 g6 3. g3 Bg7 4.
b3 O-O 5. Bb2 d6 6. Bg2 e5 7. dxe5 Nfd7 8. Nbd2 dxe5 9. Qc1 Nc6 10.
O-O Re8 11. e3 e4 12. Ne1 f5 13. Bxg7 Kxg7 14. Qb2+ Qf6 15. Qxf6+ Nxf6 16. Bh1 Ne5 17. Ng2 Rd8 18. Rfd1 Rxd2 0-1

[Event "*** SCC Grand Prix: Titled Tuesday Blitz"]
[Site "Chess.com"]
[Date "2020.06.09"]
[Round "4"]
[White "Chess_Boxer123"]
[Black "Gahan-MG"]
[Result "1-0"]
[WhiteElo "2733"]
[BlackElo "2529"]
[TimeControl "180+1"]
[EndTime "9:35:30 PDT"]
[Termination "Chess_Boxer123 won by resignation"]

1. d4 Nf6 2. c4 e5 3. dxe5 Ng4 4. e3 Nxe5 5. Nc3 Bb4 6. Bd2 O-O 7. Be2 Re8 8. a3 Bf8 9. Nf3 Nbc6 10. Nd5 a5 11. Bc3 d6 12. b3 Nxf3+ 13. gxf3 Ne5 14. f4 Ng6 15. h4 c6 16. h5 Nh8 17. Nf6+ gxf6 18.
Rg1+ Ng6 19. Bd3 Bg7 20. Qc2 f5 21. Bxg7 Kxg7 22. Qc3+ Qf6 23. h6+ 1-0

[Event "*** SCC Grand Prix: Titled Tuesday Blitz"]
[Site "Chess.com"]
[Date "2020.06.09"]
[Round "4"]
[White "coalescenet"]
[Black "Anna_ChessMate"]
[Result "0-1"]
[WhiteElo "2346"]
[BlackElo "2514"]
[TimeControl "180+1"]
[EndTime "9:35:33 PDT"]
[Termination "Anna_ChessMate won by resignation"]

1. d4 Nf6 2. c4 g6 3. Nf3 Bg7 4. Nc3 d5 5. Bg5 Ne4 6. Bh4 Nxc3 7. bxc3 O-O 8. cxd5 Qxd5 9. Bxe7 Re8 10. Ba3 Bg4 11.
e3 Nc6 12. Be2 Qa5 13. Bb2 f5 14. O-O f4 15. exf4 h6 16. g3 Qh5 17. Re1 Rxe2 18. Qxe2 Bxf3 19. Qe6+ Kh7 20. h3 Re8 21. Qd7 Nb8 0-1

[Event "*** SCC Grand Prix: Titled Tuesday Blitz"]
[Site "Chess.com"]
[Date "2020.06.09"]
[Round "4"]
[White "aa175"]
[Black "Reader777"]
[Result "1-0"]
[WhiteElo "2395"]
[BlackElo "2599"]
[TimeControl "180+1"]
[EndTime "9:35:36 PDT"]
[Termination "aa175 won by resignation"]

1. d4 Nf6 2. Nf3 e6 3. Bf4 c5 4. e3 Nc6 5. Nbd2 d5 6. c3 Bd6 7. Bg3 O-O 8. Bd3 b6 9. e4 dxe4 10. Nxe4 Nxe4 11. Bxe4 Bb7 12. dxc5 Bxc5 13. Qa4 Rc8 14.
Rd1 Qe8 15. Bxh7+ Kxh7 16. Qh4+ Kg6 17. Qg5+ Kh7 18. Qh5+ Kg8 19. Ng5 1-0

[Event "*** SCC Grand Prix: Titled Tuesday Blitz"]
[Site "Chess.com"]
[Date "2020.06.09"]
[Round "4"]
[White "Tsyhanchuk_Stanislav"]
[Black "2008king"]
[Result "0-1"]
[WhiteElo "2404"]
[BlackElo "2188"]
[TimeControl "180+1"]
[EndTime "9:35:42 PDT"]
[Termination "2008king won by resignation"]

1. e4 e5 2. Nf3 Nc6 3. Bb5 a6 4. Ba4 Nf6 5. O-O b5 6. Bb3 Bb7 7. a3 Bc5 8. d3 d6 9. h3 h6 10. Nbd2 O-O 11. c3 Bb6 12. Qe2 Re8 13. Re1 d5 14.
Nf1 dxe4 15. dxe4 Nh5 16. Ng3 Nxg3 0-1

[Event "*** SCC Grand Prix: Titled Tuesday Blitz"]
[Site "Chess.com"]
[Date "2020.06.09"]
[Round "4"]
[White "chessmaugli"]
[Black "GukeshDommaraju"]
[Result "0-1"]
[WhiteElo "2437"]
[BlackElo "2650"]
[TimeControl "180+1"]
[EndTime "9:35:43 PDT"]
[Termination "GukeshDommaraju won by checkmate"]

1. e4 c5 2. Nf3 Nc6 3. Bb5 g6 4. Bxc6 dxc6 5. d3 Bg7 6. h3 Nf6 7. O-O Nd7 8. Nc3 e5 9. Be3 b6 10. Nh2 Nf8 11. Ne2 Ne6 12. Rb1 O-O 13. b3 Nd4 14. f4 exf4 15. Bxf4 f5 16. exf5 Bxf5 17.
Nxd4 Qxd4+ 18. Kh1 Bxh3 19. c3 Qd5 20. c4 Qxg2# 0-1

[Event "*** SCC Grand Prix: Titled Tuesday Blitz"]
[Site "Chess.com"]
[Date "2020.06.09"]
[Round "4"]
[White "Alopekos"]
[Black "anesar92"]
[Result "1-0"]
[WhiteElo "2498"]
[BlackElo "2671"]
[TimeControl "180+1"]
[EndTime "9:35:44 PDT"]
[Termination "Alopekos won by resignation"]

1. e4 Nf6 2. e5 Nd5 3. Nc3 Nxc3 4. dxc3 g6 5. Nf3 Bg7 6. Bf4 O-O 7. Qd2 d6 8. O-O-O Nc6 9. exd6 exd6 10. Bh6 Bg4 11. Be2 Re8 12. Bxg7 Kxg7 13. h3 Bxf3 14. Bxf3 Qf6 15.
Rhe1 Ne5 16. Bxb7 Rab8 17. Bd5 c5 18. f4 Nd7 19. Rxe8 Rxe8 20. Bc6 Rd8 21. Qxd6 1-0

[Event "*** SCC Grand Prix: Titled Tuesday Blitz"]
[Site "Chess.com"]
[Date "2020.06.09"]
[Round "4"]
[White "seorobert1971"]
[Black "zajka-molotok"]
[Result "1/2-1/2"]
[WhiteElo "2683"]
[BlackElo "2386"]
[TimeControl "180+1"]
[EndTime "9:35:44 PDT"]
[Termination "Game drawn by repetition"]

1. d4 d5 2. c4 c6 3. Nc3 Nf6 4.
e3 g6 5. Nf3 Bg7 6. h3 O-O 7. Bd3 Nbd7 8. O-O Re8 9. cxd5 cxd5 10.
Qb3 e5 11. dxe5 Nxe5 12. Nxe5 Rxe5 13. Ne2 Ne4 14. Nd4 Qh4 15. f4 Rh5 16. Be2 Bxh3 17.
Bxh5 Bxg2 18. Kxg2 Qg3+ 19. Kh1 Qh3+ 20. Kg1 Qg3+ 21.
Kh1 Qh3+ 22. Kg1 Qg3+ 23. Kh1 1/2-1/2

[Event "*** SCC Grand Prix: Titled Tuesday Blitz"]
[Site "Chess.com"]
[Date "2020.06.09"]
[Round "4"]
[White "smshk35"]
[Black "Vision_64"]
[Result "1-0"]
[WhiteElo "2322"]
[BlackElo "2134"]
[TimeControl "180+1"]
[EndTime "9:35:55 PDT"]
[Termination "smshk35 won by checkmate"]

1. e4 c5 2. Nf3 Nc6 3. d4 cxd4 4. Nxd4 Nf6 5. Nc3 e5 6. Ndb5 d6 7. Bg5 a6 8. Na3 b5 9. Bxf6 gxf6 10. Nd5 f5 11. Bxb5 axb5 12. Nxb5 Ra4 13. Nbc7+ Kd7 14.
b4 Rxb4 15. O-O Rxe4 16. Qd3 Nd4 17. c3 Nc6 18. f3 Rh4 19. Qxf5# 1-0

[Event "*** SCC Grand Prix: Titled Tuesday Blitz"]
[Site "Chess.com"]
[Date "2020.06.09"]
[Round "4"]
[White "Joshukid"]
[Black "KobyKalavannan"]
[Result "0-1"]
[WhiteElo "2695"]
[BlackElo "2523"]
[TimeControl "180+1"]
[EndTime "9:36:02 PDT"]
[Termination "KobyKalavannan won by resignation"]

1. Nf3 c5 2. c4 Nc6 3. b3 Nf6 4. Bb2 g6 5. Bxf6 exf6 6. Nc3 Bg7 7. g3 f5 8. Bg2 O-O 9. O-O b6 10. Ne1 Bb7 11. Nc2 d6 12. Ne3 Qd7 13. Ned5 Rfe8 14. e3 Nb4 15. Rc1 Nxd5 16. Bxd5 Rad8 17. Bxb7 Qxb7 18. Nd5 b5 19. Qf3 Kh8 20. cxb5 Re5 21. d4 Qxd5 22. Qf4 Re4 23. Qf3 Rxd4 24. Qe2 Rd2 25.
Qe1 Rxa2 26. Rc4 Qd2 27. Qb1 Ra1 0-1

[Event "*** SCC Grand Prix: Titled Tuesday Blitz"]
[Site "Chess.com"]
[Date "2020.06.09"]
[Round "4"]
[White "CarlosAlbornoz"]
[Black "killer311"]
[Result "1-0"]
[WhiteElo "2708"]
[BlackElo "2380"]
[TimeControl "180+1"]
[EndTime "9:36:09 PDT"]
[Termination "CarlosAlbornoz won by resignation"]

1. e4 c6 2. d4 d5 3. e5 Bf5 4.
Nf3 e6 5. Be2 c5 6. Be3 cxd4 7.
Nxd4 Ne7 8. c4 Nbc6 9. Nxc6 Nxc6 10. cxd5 Qxd5 11. Qxd5 exd5 12. O-O Be7 13. f4 O-O 14. Nd2 d4 15. Bf2 Rfd8 16. a3 d3 17. Bf3 Rac8 18. Rac1 g5 19. g4 Be6 20. Bxc6 Rxc6 21. Rxc6 bxc6 22.
f5 Bd5 23. Rc1 f6 24. e6 Bd6 25. Bg3 Bxg3 26. hxg3 Rb8 27. b3 Kf8 28. Kf2 Ke7 29.
Ke3 Bxb3 30. Rb1 c5 31. Rxb3 Rxb3 32. Nxb3 c4 33. Nd2 c3 34. Ne4 d2 35. Ke2 c2 36.
Kxd2 1-0

[Event "*** SCC Grand Prix: Titled Tuesday Blitz"]
[Site "Chess.com"]
[Date "2020.06.09"]
[Round "4"]
[White "Volodar_Murzin"]
[Black "Smile2005"]
[Result "1-0"]
[WhiteElo "2711"]
[BlackElo "2505"]
[TimeControl "180+1"]
[EndTime "9:36:17 PDT"]
[Termination "Volodar_Murzin won by resignation"]

1. e4 d5 2. exd5 Nf6 3. Nc3 Nxd5 4. Bc4 e6 5. Nf3 Be7 6. O-O O-O 7. Re1 Nc6 8. d4 Bf6 9. Ne4 Be7 10. c3 Nf6 11. Bd3 Nxe4 12. Bxe4 Bd6 13. h4 Ne7 14. Bxh7+ Kh8 15. Bc2 Nf5 16. Ng5 Qf6 17. Qh5+ Nh6 18. Nh7 Qe7 19. Bxh6 1-0

[Event "*** SCC Grand Prix: Titled Tuesday Blitz"]
[Site "Chess.com"]
[Date "2020.06.09"]
[Round "4"]
[White "jacky72"]
[Black "bugsbunny444"]
[Result "0-1"]
[WhiteElo "2677"]
[BlackElo "2501"]
[TimeControl "180+1"]
[EndTime "9:36:21 PDT"]
[Termination "bugsbunny444 won by checkmate"]

1. d4 e6 2. Nf3 c5 3. c3 Nc6 4. g3 d5 5. Bg2 Nf6 6. O-O Bd6 7. dxc5 Bxc5 8. b4 Bb6 9. Bb2 O-O 10. Nbd2 Qe7 11. a3 e5 12. e3 Bg4 13. h3 Bh5 14.
Qb3 Rad8 15. c4 e4 16. Nh4 d4 17. Nf5 Qe6 18. Nxd4 Nxd4 19. exd4 Bxd4 20. Rfe1 Bxf2+ 21. Kxf2 Rxd2+ 22. Kg1 Rc8 23. Bxf6 Qxf6 24. Bxe4 Qf2+ 25. Kh1 Qh2# 0-1

[Event "*** SCC Grand Prix: Titled Tuesday Blitz"]
[Site "Chess.com"]
[Date "2020.06.09"]
[Round "4"]
[White "szachuspl"]
[Black "OdChessWorld"]
[Result "0-1"]
[WhiteElo "2549"]
[BlackElo "2796"]
[TimeControl "180+1"]
[EndTime "9:36:24 PDT"]
[Termination "OdChessWorld won by resignation"]

1. d4 Nf6 2. c4 g6 3. Nc3 Bg7 4. e4 O-O 5. Be2 c5 6. d5 d6 7. Nf3 Na6 8. O-O Nc7 9. h3 a6 10. a4 Rb8 11. Re1 Bd7 12. Bg5 b5 13. axb5 axb5 14.
b3 b4 15. e5 bxc3 16. exf6 exf6 17. Bf4 Bf5 18. Bd3 Bxd3 19. Qxd3 Rxb3 20. Nd2 cxd2 21.
Qxb3 dxe1=Q+ 22. Rxe1 Re8 23. Rb1 f5 24. Qb7 Be5 25. Bd2 Bd4 26. Ba5 Qh4 27. Qxc7 Qxf2+ 28. Kh1 Re2 29. Qd8+ Kg7 30. Qg5 h6 0-1

[Event "*** SCC Grand Prix: Titled Tuesday Blitz"]
[Site "Chess.com"]
[Date "2020.06.09"]
[Round "4"]
[White "Vesper2018"]
[Black "MYMChessAcademy"]
[Result "1-0"]
[WhiteElo "2405"]
[BlackElo "2377"]
[TimeControl "180+1"]
[EndTime "9:36:25 PDT"]
[Termination "Vesper2018 won by resignation"]

1. e4 c5 2. Nc3 d6 3. Nf3 a6 4. g3 b5 5. Bg2 Bb7 6. d4 cxd4 7. Nxd4 Nd7 8. O-O Nc5 9. Re1 e6 10. a4 b4 11. Nd5 exd5 12. exd5+ Be7 13. Nf5 Kf8 14. Qg4 g6 15. Nxe7 Nxe7 16. Bg5 Ne6 17.
dxe6 f5 18. Qd4 1-0

[Event "*** SCC Grand Prix: Titled Tuesday Blitz"]
[Site "Chess.com"]
[Date "2020.06.09"]
[Round "4"]
[White "SirMittensofMittensville"]
[Black "FMalexhdez"]
[Result "1-0"]
[WhiteElo "2653"]
[BlackElo "2107"]
[TimeControl "180+1"]
[EndTime "9:36:30 PDT"]
[Termination "SirMittensofMittensville won by resignation"]

1. e4 c5 2. c3 d6 3. d4 cxd4 4.
cxd4 Nf6 5. Nc3 g6 6. Nf3 Bg7 7. h3 O-O 8. Be2 Nc6 9. O-O d5 10. e5 Ne4 11. Be3 Bf5 12. Rc1 Nxc3 13. Rxc3 h5 14. Qb3 Qd7 15. Rfc1 Rfc8 16. Rc5 e6 17.
Bb5 Bf8 18. R5c3 a6 19. Bxc6 bxc6 20. Qa4 Rab8 21. b3 Rb6 22. a3 Qb7 23. b4 Be7 24. Nd2 a5 25. bxa5 Qa6 26. Nb3 Bd3 27. Rxd3 1-0

[Event "*** SCC Grand Prix: Titled Tuesday Blitz"]
[Site "Chess.com"]
[Date "2020.06.09"]
[Round "4"]
[White "Logman74"]
[Black "i_am_sankalp"]
[Result "1-0"]
[WhiteElo "2361"]
[BlackElo "2178"]
[TimeControl "180+1"]
[EndTime "9:36:30 PDT"]
[Termination "Logman74 won by resignation"]

1. e4 c5 2. Nf3 d6 3. d4 cxd4 4.
Nxd4 Nf6 5. Nc3 g6 6. Be3 Bg7 7. f3 O-O 8. Qd2 Nc6 9. O-O-O Nxd4 10. Bxd4 Be6 11. Kb1 Qc7 12. g4 Rfc8 13. h4 Qa5 14. a3 Rab8 15. h5 b5 16. h6 Bh8 17.
Bxf6 exf6 18. Nd5 Qd8 19. Nf4 b4 20. axb4 a5 21. b5 Bc4 22. Qxd6 Qxd6 23. Rxd6 f5 24.
Bxc4 Rxc4 25. Rhd1 Rcc8 26. Nd5 Rxb5 27. Ne7+ 1-0

[Event "*** SCC Grand Prix: Titled Tuesday Blitz"]
[Site "Chess.com"]
[Date "2020.06.09"]
[Round "4"]
[White "isainz"]
[Black "bratkoo"]
[Result "0-1"]
[WhiteElo "2157"]
[BlackElo "2333"]
[TimeControl "180+1"]
[EndTime "9:36:31 PDT"]
[Termination "bratkoo won by resignation"]

1. e4 e6 2. d4 d5 3. e5 c5 4. c3 Qb6 5. Nf3 Bd7 6. a3 a5 7.
Be2 a4 8. O-O Bb5 9. Nbd2 Bxe2 10. Qxe2 c4 11. Re1 Nc6 12. Nf1 Nge7 13. Ng3 O-O-O 14. Ng5 Re8 15. Nxf7 Rg8 16. Nd6+ Kd7 17. Nxe8 Kxe8 18. Qh5+ Kd7 19. Qxh7 Na5 20. Bg5 Qd8 21. Nh5 Qe8 22. Bxe7 Bxe7 23. Qc2 Qxh5 24. Qxa4+ Nc6 25. Qb5 Kc7 26. h3 Ra8 27. a4 Ra5 0-1

[Event "*** SCC Grand Prix: Titled Tuesday Blitz"]
[Site "Chess.com"]
[Date "2020.06.09"]
[Round "4"]
[White "rakshi2005"]
[Black "cukus"]
[Result "1-0"]
[WhiteElo "2339"]
[BlackElo "2459"]
[TimeControl "180+1"]
[EndTime "9:36:37 PDT"]
[Termination "rakshi2005 won by resignation"]

1. e4 c6 2. d4 d5 3. Nc3 dxe4 4. Nxe4 Nf6 5. Nxf6+ exf6 6. c3 Bd6 7. Bd3 O-O 8.
Ne2 Re8 9. Qc2 h5 10. O-O h4 11. h3 Nd7 12. Be3 Nf8 13. Qd2 g5 14. f4 g4 15. f5 g3 16. Nf4 Nh7 17. Rae1 Bd7 18. Qd1 Qc7 19. Qh5 Rxe3 20. Rxe3 Bxf4 21. Re7 Rf8 22. Bc4 Be8 23. Rxc7 1-0

[Event "*** SCC Grand Prix: Titled Tuesday Blitz"]
[Site "Chess.com"]
[Date "2020.06.09"]
[Round "4"]
[White "Grieve72"]
[Black "tamarozi99"]
[Result "1-0"]
[WhiteElo "2402"]
[BlackElo "2041"]
[TimeControl "180+1"]
[EndTime "9:36:39 PDT"]
[Termination "Grieve72 won on time"]

1. e4 c5 2. Nf3 Nc6 3. d4 cxd4 4. Nxd4 g6 5. c4 d6 6. Nc3 Nf6 7. f3 Nxd4 8. Qxd4 Bg7 9. Be3 O-O 10. Qd2 a5 11. Na4 Be6 12. Nb6 Rb8 13. Qxa5 Nd7 14. Qb4 Nc5 15. O-O-O Qc7 16. Kb1 f5 17. Bd3 Nxd3 18.
Rxd3 1-0

[Event "*** SCC Grand Prix: Titled Tuesday Blitz"]
[Site "Chess.com"]
[Date "2020.06.09"]
[Round "4"]
[White "Kostya26"]
[Black "AGW2016"]
[Result "0-1"]
[WhiteElo "2422"]
[BlackElo "2259"]
[TimeControl "180+1"]
[EndTime "9:36:41 PDT"]
[Termination "AGW2016 won by resignation"]

1. e4 c5 2. Nf3 d6 3. Bb5+ Bd7 4. Bxd7+ Nxd7 5. c4 Ngf6 6. Nc3 g6 7. d4 Bg7 8.
O-O Rc8 9. b3 O-O 10. Bb2 cxd4 11. Nxd4 a6 12. Rc1 e6 13. Qe2 Qa5 14. Rfd1 Rfd8 15.
Kh1 Ne5 16. f3 Nc6 17. Nxc6 bxc6 18. Rd3 d5 19. cxd5 cxd5 20. exd5 Nxd5 21. Nxd5 Rxc1+ 22. Bxc1 Rxd5 23. Rxd5 Qxd5 24. Qxa6 Qd1+ 0-1

[Event "*** SCC Grand Prix: Titled Tuesday Blitz"]
[Site "Chess.com"]
[Date "2020.06.09"]
[Round "4"]
[White "Synctel"]
[Black "Quattroporte300"]
[Result "0-1"]
[WhiteElo "1908"]
[BlackElo "2239"]
[TimeControl "180+1"]
[EndTime "9:36:48 PDT"]
[Termination "Quattroporte300 won by checkmate"]

1. d4 Nf6 2. Nf3 e6 3. e3 d5 4. Bd3 c5 5. c3 Bd6 6. Nbd2 O-O 7. O-O b6 8. Qe2 Bb7 9. dxc5 Bxc5 10. e4 dxe4 11. Nxe4 Nxe4 12. Bxe4 Bxe4 13. Qxe4 Nd7 14. Bg5 Qc7 15. Rad1 Nf6 16. Qh4 Nd5 17. Qg4 Kh8 18. h4 f5 19. Qa4 a6 20. h5 b5 21.
Qc2 Nf4 22. h6 gxh6 23. Bxh6 Rg8 24. Bxf4 Qxf4 25. Nd4 Rxg2+ 26. Kxg2 Rg8+ 27. Kh1 Qh6# 0-1